AoeStats
← BLAZE12

Arena

510058304Analyzed
1v1 RM · 1d ago on Sep 29, 2026· 27m 38s· 2 players
Game mode
Random Map
Map size
Tiny (2 player)
Population
200
Speed
Normal
Resources
Standard
Victory
Conquest
Starting age
Dark Age
Ending age
Imperial Age
RankedLock teamsTeams togetherTeam positionsShared explorationLock speedFull tech treeHidden civsTurbo modeCheats
Victory
Defeat
🇰🇭 Bohemians · Cambodia
1025
+16
🇺🇦 Vietnamese · Ukraine
1032
-16
tstarkh
2:33 Loom
10:43 Feudal Age
17:32 Castle Age
15:57 Double-Bit Axe
15:57 Horse Collar
20:56 Fervor
25:55 Imperial Age
24:01 Fletching
24:12 Padded Archer Armor
26:00 Scale Mail Armor
27:51 Forging
27:37 Town Watch
BLAZE12
10:02 Feudal Age
16:25 Castle Age
20:42 Fletching
Connection lost

Rejoining the realm…

Still unreachable

The connection could not be restored.

Session expired

The server has moved on; the page needs a fresh start.